 Dungeon Crawl Stone Soup version 0.31.0-9-g3a7656b989 (webtiles) character file.

Game seed: 4364606379163675016

235 qw the Ducker (level 5, 0/26 HPs)
             Began as a Spriggan Hunter on Feb 2, 2024.
             Slain by a hobgoblin (7 damage)
             ... led by Robin
             ... on level 3 of the Dungeon.
             The game lasted 00:00:06 (1699 turns).

qw the Ducker (Spriggan Hunter)                     Turns: 1699, Time: 00:00:06

Health: 0/26       AC:  2    Str:  7    XL:     5   Next: 76%
Magic:  6/6        EV: 24    Int: 10    God:
Gold:   89         SH:  0    Dex: 27    Spells: 4/4 levels left

rFire   . . .        a - +1 shortbow (flame)
rCold   . . .        (shield currently unavailable)
rNeg    . . .        c - +0 robe
rPois   .            (helmet restricted)
rElec   .            (no cloak)
rCorr   .            (gloves unavailable)
SInv    +            (boots unavailable)
Will    .....        (no amulet)
Stlth   +++          b - +6 ring of dexterity
HPRegen 0.24/turn    (no ring)
MPRegen 0.10/turn

%: no passive effects
@: very quick
A: very small, no large weapons, unfitting armour, see invisible, speed 3
a: no special abilities


You were on level 3 of the Dungeon.
You visited 1 branch of the dungeon, and saw 3 of its levels.
You also visited: Sewer.

You collected 89 gold pieces.


Innate Abilities, Weirdness & Mutations

You are very small and have problems with some larger weapons.
You are too small for most types of armour.
You have supernaturally acute eyesight. (SInv)
You cover ground extremely quickly. (Speed+++)


   Skills:
 + Level 1.8 Fighting
 - Level 5.0 Ranged Weapons
 - Level 6.9 Dodging
 - Level 1.5 Stealth


You had 4 spell levels left.
You didn't know any spells.
Your spell library was empty.

Inventory:

Hand Weapons
 a - a +1 shortbow of flaming (weapon)
Armour
 c - a +0 robe (worn)
Jewellery
 b - a +6 ring of dexterity (left hand)
Scrolls
 g - a scroll of blinking {unknown}
Potions
 d - 4 potions of heal wounds
 e - 2 potions of curing
 f - 3 potions of enlightenment

Dungeon Overview and Level Annotations

Branches:
Dungeon (3/15)              Sewer (visited)

Altars:
Elyvilon
Trog


Message History

A ball python comes into view.
The ball python hisses angrily.
You shoot an arrow. The arrow barely misses the goblin.
The goblin closely misses you.
You shoot an arrow. The arrow hits the goblin!
The arrow burns the goblin.
You kill the goblin!
A hobgoblin comes into view.
An endoplasm comes into view.
You shoot an arrow. The hobgoblin shouts!
The endoplasm quivers.
The arrow hits the goblin!
The arrow burns the goblin.
You kill the goblin!
You shoot an arrow. The arrow hits the goblin.
The arrow burns the goblin.
The goblin is almost dead.
The hobgoblin completely misses you.
You shoot an arrow. The arrow hits the goblin!
The arrow burns the goblin.
You kill the goblin!
Robin says, "We wiped out the hill dwarves - you're next!"
Robin completely misses you. The hobgoblin completely misses you.
You shoot an arrow. The arrow hits Robin.
The arrow burns Robin.
Robin is severely wounded.
The hobgoblin completely misses you.
You shoot an arrow.
The arrow hits Robin but does no damage.
Robin is severely wounded.
Robin hits you with a +0 mace of protection!
The ball python closely misses you. The ball python completely misses you.
You shoot an arrow. The arrow barely misses Robin.
The ball python misses you. The ball python grabs you.
The ball python constricts you. The hobgoblin hits you.
Robin barely misses you.
You shoot an arrow. The arrow hits the ball python!
The arrow burns the ball python.
You kill the ball python!
The hobgoblin barely misses you. The hobgoblin completely misses you.
Robin completely misses you.
You shoot an arrow. The arrow hits Robin.
The arrow burns Robin.
You kill Robin!
The endoplasm freezes you.
You are frozen.
The hobgoblin hits you!
You die...

####.##..## ..
..........# .
..######..##.## ..
...¤¤.......## ...
#..~~~~~¤¤...# ....
#....~~¤~~~..#
)%..)#..8...._~~..#
.)....gg).~~¤~~~.##
.....)J@~~~~~~~..##
..#..##)..........#
#. ##..........#
#..........#
############


You could see an endoplasm and 2 hobgoblins.

Vanquished Creatures
  2 kobold brigands (Sewer)
  Robin (D:3)
  2 adders
  A dart slug (D:1)
  2 ribbon worms
  3 orcs (D:3)
  6 bats
  4 endoplasms
  4 giant cockroaches
  10 goblins
  6 hobgoblins
  5 jackals
  2 quokkas
  7 ball pythons
  A frilled lizard (D:1)
  7 kobolds
  5 rats
68 creatures vanquished.

Notes
Turn   | Place    | Note
-------+----------+-------------------------------------------
     0 | D:1      | qw the Spriggan Hunter began the quest for the Orb.
     0 | D:1      | Reached XP level 1. HP: 10/10 MP: 2/2
     0 | D:1      | 0 ||| qw: Version: 0.3-a-155-g5e7d8dd
     0 | D:1      | 0 ||| qw: Game counter: 1422
     0 | D:1      | 0 ||| qw: Melee chars always use a shield: true
     0 | D:1      | 0 ||| qw: God list: Okawaru
     0 | D:1      | 0 ||| qw: Allow faded altars: false
     0 | D:1      | 0 ||| qw: Do Orc after clearing Dungeon:15 true
     0 | D:1      | 0 ||| qw: Do second Lair branch before Depths: true
     0 | D:1      | 0 ||| qw: Lair rune preference: random
     0 | D:1      | 0 ||| qw: Goals: Normal
     0 | D:1      | 0 ||| PLANNING D:1-11
   134 | D:1      | Reached skill level 3 in Dodging
   307 | D:1      | Reached XP level 2. HP: 14/14 MP: 3/3
   494 | D:1      | Reached skill level 4 in Dodging
   722 | D:1      | 722 ||| READING scroll labelled AJOARUK PIRITU.
   722 | D:1      | 722 ||| ENCHANTING +0 shortbow.
   723 | D:1      | 723 ||| READING scroll labelled MIOLUOB XELU.
   724 | D:1      | 724 ||| READING scroll labelled TUCWUO DYUNOID.
   727 | D:1      | 727 ||| READING scroll labelled LUCVI ROTTU.
   727 | D:1      | 727 ||| BRANDING +1 shortbow.
   728 | D:1      | 728 ||| DRINKING 2 bubbling purple potions.
   729 | D:1      | 729 ||| DRINKING 2 brown potions.
   730 | D:1      | 730 ||| DRINKING 2 bubbling amethyst potions.
   731 | D:1      | 731 ||| DROPPING scroll of butterflies.
   732 | D:1      | 732 ||| DROPPING potion of invisibility.
   733 | D:1      | 733 ||| DROPPING potion of degeneration.
   814 | D:2      | Reached XP level 3. HP: 18/18 MP: 4/4
   903 | D:2      | Found a white marble altar of Elyvilon.
  1017 | D:2      | 1017 ||| FLEEEEING.
  1018 | D:2      | 1018 ||| FLEEEEING.
  1019 | D:2      | 1019 ||| FLEEEEING.
  1020 | D:2      | 1020 ||| FLEEEEING.
  1021 | D:2      | 1021 ||| FLEEEEING.
  1022 | D:2      | 1022 ||| FLEEEEING.
  1256 | D:2      | 1256 ||| UPGRADING to +6 ring of dexterity.
  1257 | D:2      | 1257 ||| READING scroll labelled GONO UZ ANKEF.
  1326 | D:3      | 1326 ||| PLANNING SEWER
  1375 | D:3      | Found a faded altar of an unknown god.
  1446 | D:3      | Reached XP level 4. HP: 22/22 MP: 5/5
  1463 | D:3      | Found a glowing drain.
  1473 | Sewer    | Entered a sewer
  1527 | Sewer    | Noticed a kobold brigand
  1531 | Sewer    | Noticed a kobold brigand
  1532 | Sewer    | Killed a kobold brigand
  1533 | Sewer    | Reached skill level 5 in Dodging
  1533 | Sewer    | Reached XP level 5. HP: 25/25 MP: 6/6
  1541 | Sewer    | Reached skill level 6 in Dodging
  1562 | Sewer    | Found a white marble altar of Elyvilon.
  1606 | D:3      | 1606 ||| PLANNING D:1-11
  1661 | D:3      | Found a bloodstained altar of Trog.
  1686 | D:3      | Noticed Robin
  1699 | D:3      | Killed Robin
  1699 | D:3      | Slain by a hobgoblin

Levels and vault maps discovered:
D:1:      dpeg_arrival_triangle_fractal, layout_loops_ring
D:2:      layout_rooms, basic_altar, corner_web_ring, kennysheep_potato
D:3:      kennysheep_big_flooded_room, layout_rooms,
          mainiacjoe_overflow_catwalk, mainiacjoe_overflow_divided_tiny,
          hellmonk_ecumenical_altar_defaced_shrine,
          cheibrodos_sewer_entry_sluice, kennysheep_nondescript,
          uniq_crazy_yiuf_cottage, uniq_robin

Skill      XL: |  1  2  3  4  5 |
---------------+----------------+-----
Dodging        | 3 4 5 6 |  6.9
Ranged Weapons | 5 |  5.0
Fighting       | |  1.8
Stealth        | |  1.5

Action                     |  1- 3 |  4- 6 || total
---------------------------+-------+-------++-------
   Fire: Shortbow          |    97 |    46 ||   143
    Use: Scroll            |     5 |       ||     5
         Potion            |     3 |       ||     3
 Armour: Robe              |     2 |     4 ||     6
  Dodge: Dodged            |     9 |    17 ||    26

Table legend:
 A = Non-vault XP
 B = Vault XP
 C = Vault XP percentage of total XP
 D = Non-vault monster count
 E = Vault monster count
 F = Vault count percentage of total count
                 A         B        C        D         E       F
            +---------+---------+-------+---------+---------+-------
      Total |      98 |     255 |  72.2 |      42 |      26 |  38.2
            +---------+---------+-------+---------+---------+-------
        D:1 |      31 |       0 |   0.0 |      18 |       0 |   0.0
        D:2 |      42 |       8 |  16.0 |      17 |       3 |  15.0
        D:3 |      25 |      46 |  64.8 |       7 |      14 |  66.7
      Sewer |       0 |     201 | 100.0 |       0 |       9 | 100.0
            +---------+---------+-------+---------+---------+-------
